 Dungeon Crawl Stone Soup version 0.31.0-12-g77e489cdc1 (webtiles) character file.

Game seed: 4103095009033310801

413 Gadfly the Charlatan (level 6, -5/47 HPs)
             Began as a Demonspawn Monk on Feb 23, 2024.
             Slain by a large abomination (30 damage)
             ... on level 1 of the Abyss.
             The game lasted 00:04:57 (2992 turns).

Gadfly the Charlatan (Demonspawn Monk)              Turns: 2992, Time: 00:04:58

Health: -5/47      AC:  4    Str: 13    XL:     6   Next: 59%
Magic:  6/6        EV: 13    Int: 10    God:
Gold:   77         SH:  0    Dex: 16    Spells: 5/5 levels left

rFire   . .          .
                       - Unarmed
rCold   . . .        (no shield)
rNeg    . . .        a - +0 robe
rPois   .            (helmet currently unavailable)
rElec   .            g - melded +0 cloak
rCorr   .            e - melded +0 pair of gloves
SInv    .            (boots currently unavailable)
Will    .....        m - amulet of regeneration
Stlth   +            (no ring)
HPRegen 1.07/turn    (no ring)
MPRegen 0.10/turn

%: no passive effects
@: about to teleport, beast-form
A: beast (slay +1), claws 2, spiny 1, sharp scales 2
a: Begin Untransformation


You were on level 1 of the Abyss.
You were a hulking beast.
You visited 1 branch of the dungeon, and saw 4 of its levels.
You visited the Abyss 1 time.

You collected 77 gold pieces.

Inventory:

Hand Weapons
 q - a +1 dagger of venom
 r - a +0 dagger of electrocution
 u - a +1 short sword of draining
Armour
 a - a +0 robe (worn)
 c - an orb of light
 e - a +0 pair of gloves (melded)
 g - a +0 cloak (melded)
Jewellery
 m - an amulet of regeneration (around neck)
Talismans
 h - a beast talisman (active)
 n - a flux talisman
Wands
 l - a wand of polymorph (9)
 s - a wand of mindburst (9)
Scrolls
 j - a scroll of vulnerability
 o - a scroll of teleportation
Potions
 b - a potion of ambrosia
 d - 3 potions of heal wounds
 f - 2 potions of curing
 i - a potion of mutation
 k - a potion of cancellation {unknown}
 p - a potion of lignification


   Skills:
 - Level 3.0 Fighting
 + Level 3.6 Dodging
 + Level 3.6 Unarmed Combat
 * Level 3.7 Evocations
 * Level 3.0 Shapeshifting


You had 5 spell levels left.
You didn't know any spells.
Your spell library contained the following spells:

 Spells                   Type           Power      Damage    Failure   Level
 Magic Dart               Conj           0%         1d3       36%         1
 Searing Ray              Conj           0%         2d4       50%         2
 Fulminant Prism          Conj/Alch      0%         3d5       98%         4


Dungeon Overview and Level Annotations

Branches:
Dungeon (4/15)
 Temple: D:4-7

Altars:


Innate Abilities, Weirdness & Mutations

You are a hulking beast.
Your limbs bulge with bestial killing power. (Slay +1)
You have very sharp fingernails.
You are partially covered in sharp spines.
You are mostly covered in razor-sharp scales. (AC +2, Slay +2)


Message History

An orc is wielding a +2 hand axe of distortion.
The orc shouts!
An orc priest comes into view.
It is wielding a +2 falchion of freezing.
The orc moves out of view.
The orc hits you with a +2 hand axe of distortion.
Space warps horribly around you!
You scratch the orc.
The orc is heavily wounded.
You barely miss the orc.
The orc is heavily wounded.
The orc hits you with a +2 hand axe of distortion.
You are cast into the Abyss!
This branch contains the abyssal rune of Zot.
Found a corrupted altar of Lugonu.
You start resting.
HP restored.
You start waiting.
Done waiting.
You start waiting.
Done waiting.
You start waiting.
A large abomination comes into view.
Okay, then.
As you read the scroll of teleportation, it crumbles to dust.
You feel strangely unstable.
You feel the power of the Abyss delaying your translocation!
You start waiting.
A large abomination is nearby!
You scratch the large abomination but do no damage.
The large abomination hits you!
You barely miss the large abomination. You scratch the large abomination.
The large abomination is lightly damaged.
The large abomination is struck by your spines.
The large abomination hits you!
You scratch the large abomination.
The large abomination is lightly damaged.
The large abomination hits you!!
Ouch! That really hurt!
You die...

# . .
##
#.#..
#
#...
....
..#
##X##
#h#
### .


You could see a large abomination.

Vanquished Creatures
  The ghost of booth the Chopper, an amateur DsGl (D:3)
  A kobold brigand (D:3)
  A bullfrog (D:3)
  An orc priest (D:3)
  Terence (D:3)
  6 adders
  3 dart slugs
  A ribbon worm (D:3)
  3 orcs (D:3)
  4 ball pythons
  7 bats
  6 endoplasms
  2 giant cockroaches
  9 goblins
  8 hobgoblins
  4 jackals (D:1)
  A quokka (D:2)
  2 frilled lizards
  13 kobolds
  9 rats
83 creatures vanquished.

Notes
Turn   | Place    | Note
-------+----------+-------------------------------------------
     0 | D:1      | Gadfly the Demonspawn Monk began the quest for the Orb.
     0 | D:1      | Reached XP level 1. HP: 18/18 MP: 1/1
   156 | D:1      | Gained mutation: You are partially covered in sharp spines.
                  | [demonic ancestry]
   156 | D:1      | Reached XP level 2. HP: 23/24 MP: 2/2
   327 | D:1      | Reached skill level 1 in Evocations
   348 | D:1      | Reached skill level 1 in Shapeshifting
   896 | D:2      | Gained mutation: You are partially covered in razor-sharp
                  | scales. (AC +1, Slay +1) [demonic ancestry]
   896 | D:2      | Reached XP level 3. HP: 29/29 MP: 3/3
  1120 | D:2      | Gained mutation: You have sharp fingernails. [demonic
                  | ancestry]
  1120 | D:2      | Reached XP level 4. HP: 35/35 MP: 4/4
  1739 | D:3      | Noticed Terence
  1765 | D:3      | Killed Terence
  1776 | D:3      | Gained mutation: You are mostly covered in razor-sharp
                  | scales. (AC +2, Slay +2) [demonic ancestry]
  1776 | D:3      | Reached XP level 5. HP: 21/41 MP: 5/5
  2358 | D:3      | Found a faded altar of an unknown god.
  2576 | D:3      | Found a runed translucent gate.
  2578 | D:3      | Noticed booth's ghost (amateur DsGl)
  2579 | D:3      | Found a runed translucent gate.
  2580 | D:3      | Found a runed translucent gate.
  2616 | D:3      | Gained mutation: You have very sharp fingernails. [demonic
                  | ancestry]
  2616 | D:3      | Reached XP level 6. HP: 42/47 MP: 6/6
  2634 | D:3      | Killed booth's ghost
  2736 | Abyss:1  | Found a corrupted altar of Lugonu.
  2736 | Abyss:1  | Cast into level 1 of the Abyss (orc)
  2982 | Abyss:1  | Noticed a large abomination
  2992 | Abyss:1  | Slain by a large abomination

Illustrated notes

Levels and vault maps discovered:
D:1:      dpeg_arrival_round_b, layout_basic
D:2:      layout_loops_ring
D:3:      layout_basic, gammafunk_ghost_nasty_kobolds,
          shapermc_ecumenical_altar_mp_vishouse, kennysheep_small_spiral,
          uniq_terence
D:4:      layout_loops_ring, minmay_temple_entry_poolview, uniq_sigmund
Abyss:1:  base:
D:4

Skill      XL: |  1  2  3  4  5  6 |
---------------+-------------------+-----
Evocations     | 1 2 3 |  3.7
Shapeshifting  | 1 2 3 |  3.0
Dodging        | 3 |  3.6
Unarmed Combat | 3 |  3.6
Fighting       | |  3.0

Action                     |  1- 3 |  4- 6 || total
---------------------------+-------+-------++-------
  Melee: Unarmed           |    89 |   116 ||   205
         Punch             |       |     3 ||     3
Ability: Begin Untransform |       |     1 ||     1
    Use: Scroll            |     3 |     8 ||    11
   Stab: Sleeping          |       |     3 ||     3
 Armour: Robe              |    39 |    48 ||    87
  Dodge: Dodged            |    58 |    72 ||   130
   Form: Beast             |       |     2 ||     2
